Map: Cyber Forest LE

Players

llllllllllll (Stats) - Winner!

  • Race: Protoss Protoss
  • League: Master
  • Spawn Location: 5:00

TSGSolar (Solar)

  • Race: Zerg Zerg
  • League: Diamond
  • Spawn Location: 11:00

Event: 2019 Assembly Summer

VOD

Have the link to the VOD?

Description

Time

  • Played on: Aug. 3, 2019, 1:40 p.m.
  • Length: 15:12

All games in this series

Show
View Real Time Build Order
Export as new Build Order

llllllllllll Protoss - Winner!

Build Orders: 1 Gate Expand, Oracle Opening, Phoenix Opening, Chargelot Immortal 

Get SALT Encoding   

  12  0:00  Probe  
  13  0:12  Probe  
  14  0:19  Pylon  
  14  0:24  Probe  
  15  0:33  Probe  
  15  0:41  Probe  
  16  0:44  Gateway  
  16  0:48  Assimilator  
  17  0:51  Probe  
  18  1:03  Probe  
  19  1:15  Probe  
  20  1:25  Nexus  
  20  1:34  Cybernetics Core  
  20  1:37  Probe  
  21  1:43  Assimilator  
  21  1:49  Probe  
  21  1:52  Pylon  
  22  2:00  Adept  
  22  2:01  Probe  
  22  2:13  Probe  
  25  2:17  Stargate  
  25  2:25  Probe  
  25  2:27  Warp Gate  
  26  2:31  Adept  
  26  2:33  Probe x2  
  29  2:41  Probe x2  
  30  2:51  Probe x2  
  32  2:55  Phoenix  
  34  3:04  Probe x2  
  38  3:06  Pylon  
  38  3:14  Oracle  
  38  3:16  Probe x2  
  40  3:23  Gateway  
  43  3:28  Probe x2  
  45  3:35  Assimilator  
  45  3:38  Assimilator  
  45  3:40  Probe x2  
  47  3:42  Oracle  
  47  3:49  Pylon  
  47  3:52  Probe x2  
  52  4:04  Probe x2  
  52  4:05  Robotics Facility  
  54  4:16  Adept, Probe  
  57  4:19  Oracle  
  57  4:21  Adept  
  57  4:23  Pylon  
  59  4:26  Pylon  
  60  4:42  Immortal  
  58  4:46  Probe x2  
  58  4:47  Sentry x2  
  68  4:53  Pylon  
  68  5:04  Gateway  
  68  5:06  Gateway  
  68  5:07  Gateway  
  68  5:09  Gateway  
  68  5:11  Sentry  
  68  5:12  Sentry, Pylon  
  72  5:14  Observer  
  73  5:30  Warp Prism, Pylon  
  73  5:32  Pylon  
  73  5:35  Sentry  
  75  5:36  Sentry  
  79  5:50  Nexus  
  79  5:52  Pylon  
  79  5:54  Probe x2, Pylon  
  81  6:07  Probe x2  
  80  6:27  Stalker x2  
  80  6:28  Stalker x4  
  80  6:31  Probe x2  
  94  6:43  Forge, Probe x2  
  94  6:44  Twilight Council  
  96  6:51  Zealot x6  
  108  7:06  Probe x2  
  110  7:09  Immortal  
  110  7:13  Zealot x2  
  110  7:14  Zealot  
  120  7:24  Probe x2  
  120  7:25  Probe  
  123  7:31  Charge  
  123  7:32  Probe  
  123  7:33  Probe x2  
  123  7:34  Templar Archives  
  125  7:42  Shield Battery  
  125  7:43  Probe x3, Shield Battery  
  126  7:45  Assimilator  
  126  7:46  Protoss Ground Weapons Level 1  
  126  7:47  Immortal  
  126  7:48  Assimilator  
  133  7:56  Probe x3  
  136  7:58  Pylon  
  136  8:00  Pylon  
  136  8:01  Psionic Storm  
  136  8:07  Pylon  
  136  8:08  Zealot  
  136  8:10  Pylon  
  137  8:20  High Templar x3  
  143  8:27  High Templar, Zealot  
  143  8:29  Gateway  
  143  8:30  Gateway  
  143  8:31  Immortal  
  143  8:32  Shield Battery  
  143  8:34  Shield Battery  
  151  8:40  Pylon  
  145  8:51  Zealot x2  
  145  8:52  Zealot x2  
  145  8:53  Zealot  
  151  8:59  Shield Battery  
  151  9:01  Shield Battery  
  149  9:10  Immortal  
  153  9:17  High Templar x3  
  153  9:18  High Templar  
  153  9:19  Zealot x2  
  162  9:32  Nexus  
  162  9:34  Pylon  
  162  9:40  Immortal  
  166  9:55  Zealot x6  
  166  9:56  Zealot x2  
  174  10:07  Protoss Ground Weapons Level 2  
  172  10:16  Zealot x4  
  172  10:19  Immortal  
  172  10:30  Zealot x2  
  174  10:49  Archon x3  
  158  10:52  High Templar x6  
  158  10:53  Zealot x2  
  158  10:55  Immortal, Fleet Beacon  
  166  11:16  Stargate  
  163  11:18  Stargate, Assimilator  
  163  11:19  Probe x4  
  163  11:20  Assimilator  
  163  11:24  Mothership  
  167  11:26  Observer  
  167  11:28  High Templar x2, Zealot  
  167  11:29  Zealot x5  
  167  11:32  Shield Battery, Photon Cannon  
  183  11:33  Archon  
  179  12:02  Archon  
  155  12:12  High Templar x2, Archon x2  
  155  12:13  Zealot x6  
  155  12:15  Probe x3  
  170  12:18  Carrier  
  166  12:29  Nexus  
  170  12:30  Pylon  
  170  12:40  Zealot x6  
  170  12:42  Carrier  
  170  12:43  Carrier  
  182  12:47  High Templar x2  
  194  13:08  Zealot  
  174  13:21  Zealot x2  
  174  13:22  Zealot x4  
  174  13:23  Zealot  
  174  13:34  Carrier  
  176  13:43  High Templar x4  
  176  13:44  Immortal  
  184  14:03  Assimilator  
  184  14:07  Assimilator  
  190  14:12  Photon Cannon  
  190  14:13  Shield Battery  
  188  14:17  Zealot x5  
  188  14:18  Zealot  
  183  14:41  Archon  
  173  14:47  Zealot x6  
  173  14:48  Zealot x2  
Show
View Real Time Build Order
Export as new Build Order

TSGSolar Zerg 

Build Orders: Hatch First, Swarm Host 

Get SALT Encoding   

  12  0:01  Drone  
  13  0:12  Overlord  
  13  0:17  Drone  
  14  0:31  Drone  
  15  0:45  Hatchery  
  15  0:48  Drone  
  15  0:51  Drone  
  16  0:58  Drone  
  17  1:09  Drone  
  17  1:11  Extractor  
  17  1:18  Spawning Pool  
  17  1:20  Drone  
  17  1:24  Drone  
  18  1:31  Drone  
  19  1:42  Drone  
  20  1:56  Hatchery  
  20  1:58  Drone  
  20  2:02  Drone  
  20  2:08  Queen  
  21  2:13  Drone  
  24  2:18  Metabolic Boost  
  24  2:21  Drone  
  25  2:26  Overlord  
  25  2:34  Queen  
  27  2:37  Zergling x2  
  27  2:40  Extractor  
  27  2:41  Zergling x2  
  29  2:46  Drone x2  
  31  2:51  Queen  
  33  2:59  Drone x2  
  33  3:00  Drone  
  36  3:07  Queen  
  36  3:09  Overlord  
  38  3:14  Drone  
  38  3:15  Drone  
  38  3:17  Drone  
  38  3:19  Drone  
  42  3:27  Queen  
  42  3:28  Overlord  
  42  3:31  Drone  
  42  3:33  Drone  
  46  3:34  Drone  
  46  3:38  Drone x2  
  49  3:42  Overlord  
  49  3:45  Spore Crawler  
  49  3:48  Spore Crawler, Drone  
  48  3:51  Drone x2  
  50  3:56  Overlord  
  50  4:01  Drone x2  
  50  4:02  Drone x2  
  54  4:07  Zergling x8  
  57  4:12  Overlord  
  57  4:19  Drone x3  
  57  4:20  Zergling x2  
  57  4:21  Drone x2  
  57  4:22  Drone  
  64  4:25  Spore Crawler, Drone  
  63  4:31  Lair  
  63  4:34  Drone  
  63  4:35  Drone  
  62  4:40  Drone  
  62  4:41  Drone  
  62  4:45  Drone x2  
  66  4:47  Drone, Extractor  
  66  4:48  Extractor  
  66  4:50  Roach Warren, Zergling x6  
  67  4:53  Drone x2  
  67  4:55  Overlord  
  67  4:58  Drone  
  67  4:59  Zergling x2  
  71  5:01  Drone x2  
  71  5:02  Drone  
  71  5:06  Overlord, Extractor  
  72  5:08  Drone x2  
  73  5:16  Overlord  
  73  5:17  Extractor  
  73  5:18  Drone  
  73  5:20  Zergling x12  
  79  5:26  Drone  
  79  5:28  Drone  
  75  5:29  Queen  
  75  5:30  Overseer, Drone  
  75  5:33  Glial Reconstitution  
  75  5:35  Roach  
  80  5:39  Roach x2  
  80  5:41  Overlord  
  84  5:43  Roach  
  84  5:49  Roach x2  
  89  5:50  Roach  
  89  5:52  Drone x2  
  90  5:58  Overseer  
  90  6:00  Overlord  
  90  6:02  Drone  
  90  6:03  Drone  
  92  6:05  Roach x2  
  92  6:09  Ravager x3  
  92  6:10  Zergling x12  
  103  6:18  Overlord  
  103  6:21  Overlord  
  103  6:22  Zergling x2  
  100  6:28  Drone x2  
  100  6:31  Roach x4  
  100  6:32  Ravager x4  
  113  6:39  Roach x3  
  120  6:43  Roach  
  120  6:45  Overlord  
  122  6:49  Overlord  
  122  6:50  Overlord  
  122  6:55  Overlord  
  122  6:56  Overlord  
  121  7:01  Overlord, Evolution Chamber  
  121  7:03  Zergling x2  
  121  7:04  Zergling x4  
  121  7:07  Zergling x2  
  121  7:08  Zergling x2  
  125  7:12  Drone x3  
  125  7:14  Drone  
  129  7:17  Infestation Pit  
  129  7:20  Drone  
  125  7:25  Zergling x2  
  125  7:26  Zergling x2  
  125  7:29  Drone  
  124  7:30  Drone, Zerg Missile Weapons Level 1, Extractor  
  124  7:34  Overlord  
  124  7:36  Drone x2  
  124  7:37  Drone  
  125  7:49  Drone  
  126  7:51  Overlord  
  126  7:54  Swarm Host x6  
  144  8:00  Swarm Host x2  
  144  8:04  Swarm Host  
  152  8:07  Roach x2  
  152  8:10  Roach  
  152  8:12  Ravager x2  
  160  8:13  Roach x2  
  160  8:16  Roach  
  160  8:17  Roach  
  160  8:19  Roach x2  
  171  8:22  Zergling x4  
  171  8:24  Zergling x4  
  175  8:28  Zergling x4  
  175  8:29  Overlord  
  175  8:30  Overlord  
  177  8:39  Drone  
  177  8:41  Overlord  
  178  8:44  Zergling x2  
  178  8:45  Zergling x6  
  168  8:48  Roach x3  
  168  8:52  Roach  
  168  8:54  Swarm Host x3  
  178  9:01  Swarm Host x2  
  183  9:08  Hatchery, Ravager  
  183  9:12  Swarm Host x2  
  183  9:15  Zergling x6  
  191  9:20  Zergling x2  
  191  9:21  Zergling x10  
  197  9:26  Ravager x2  
  197  9:27  Zerg Missile Weapons Level 2  
  198  9:41  Zergling x4  
  198  9:43  Baneling Nest  
  197  10:00  Roach x2  
  197  10:06  Roach x2  
  199  10:08  Roach  
  199  10:11  Roach  
  198  10:14  Roach  
  198  10:20  Zergling x2  
  197  10:22  Zergling x6  
  197  10:25  Roach x3  
  197  10:28  Zergling x6  
  197  10:31  Zergling x8  
  189  10:36  Roach x2  
  189  10:37  Roach  
  189  10:39  Roach x2  
  194  10:43  Roach  
  194  10:46  Roach  
  178  10:50  Roach x2  
  178  10:55  Swarm Host  
  149  10:58  Swarm Host x5  
  149  11:00  Drone  
  149  11:02  Queen  
  149  11:03  Swarm Host x7  
  180  11:09  Swarm Host  
  183  11:14  Roach x3  
  183  11:15  Ravager  
  183  11:16  Ravager x3  
  193  11:22  Roach x2  
  197  11:26  Roach  
  197  11:31  Zergling x2  
  197  11:32  Spire  
  199  11:35  Ravager  
  200  11:43  Zergling x10  
  199  11:50  Hive, Extractor x2  
  197  12:00  Zergling x26  
  187  12:04  Roach x2  
  187  12:05  Zergling x2  
  187  12:08  Zergling x6  
  171  12:14  Roach x2  
  169  12:16  Roach  
  169  12:17  Ravager x2  
  169  12:19  Ravager  
  169  12:21  Roach  
  169  12:22  Roach  
  174  12:24  Roach  
  174  12:27  Roach  
  178  12:31  Roach x2  
  178  12:33  Roach  
  178  12:36  Roach  
  186  12:40  Roach x2  
  186  12:43  Roach  
  191  12:45  Roach  
  191  12:48  Zergling x2  
  192  12:52  Zergling x10  
  192  12:54  Zergling x2  
  198  13:01  Zergling x4  
  197  13:09  Zergling x16  
  197  13:12  Zergling x2  
  192  13:14  Zergling x2  
  192  13:18  Zergling x4  
  188  13:22  Greater Spire  
  188  13:26  Pneumatized Carapace  
  186  13:27  Overseer  
  186  13:28  Overseer  
  186  13:32  Zergling x4  
  174  13:35  Zergling x2  
  174  13:37  Zergling x2  
  174  13:40  Zergling x4  
  165  13:43  Zergling x2  
  165  13:44  Zergling x2  
  165  13:47  Roach  
  169  13:50  Ravager x6  
  169  13:52  Ravager  
  178  13:55  Roach  
  178  13:58  Roach  
  178  14:00  Roach  
  178  14:01  Roach  
  180  14:05  Roach  
  180  14:06  Roach  
  180  14:09  Roach  
  186  14:20  Corruptor x2  
  184  14:25  Corruptor  
  184  14:31  Corruptor  
  178  14:35  Corruptor  
  174  14:42  Corruptor  
  153  14:48  Zergling x2  
  153  14:49  Zergling x6  
Tags
 
Add a new tag
Caveats
  • Supply blocks, unpowered buildings, or Contaminate may cause inaccurate times.
  • Supply counts are checked every 10 seconds.